Map: [ESL] Hard Lead

Players

Spatz

  • Race: Protoss Protoss
  • Spawn Location: 5:00

Krystianer - Winner!

  • Race: Protoss Protoss
  • Spawn Location: 11:00

Event: ESL SC2 Masters 2023 Winter (Regional)

VOD

Have the link to the VOD?

Description

Time

  • Played on: Nov. 5, 2023, 8:58 a.m.
  • Length: 12:03

All games in this series

Show
View Real Time Build Order
Export as new Build Order

Spatz Protoss 

Build Orders:  

Get SALT Encoding   

  12  0:01  Probe  
  13  0:13  Probe  
  14  0:17  Pylon  
  14  0:25  Probe (Chrono Boost)  
  16  0:37  Gateway, Probe (Chrono Boost)  
  16  0:43  Probe (Chrono Boost)  
  16  0:45  Assimilator  
  17  0:51  Probe  
  17  0:54  Assimilator  
  18  1:03  Probe (Chrono Boost)  
  19  1:08  Gateway  
  19  1:13  Probe (Chrono Boost)  
  19  1:18  Probe (Chrono Boost)  
  20  1:23  Cybernetics Core  
  21  1:30  Probe  
  22  1:34  Pylon  
  22  1:42  Probe  
  23  1:54  Probe  
  24  2:00  Warp Gate, Stalker x2  
  28  2:06  Probe  
  29  2:12  Pylon  
  29  2:28  Robotics Facility  
  29  2:34  Stalker  
  29  2:35  Stalker  
  32  2:58  Shield Battery  
  32  3:08  Stalker x2  
  35  3:18  Probe  
  35  3:21  Warp Prism (Chrono Boost)  
  34  3:30  Probe, Pylon  
  36  3:53  Sentry x2  
  39  4:02  Nexus  
  39  4:18  Immortal (Chrono Boost)  
  43  4:28  Probe  
  44  4:38  Pylon  
  44  4:40  Probe  
  45  4:49  Stalker  
  44  5:02  Probe  
  44  5:05  Immortal (Chrono Boost)  
  49  5:20  Probe  
  50  5:25  Adept x2  
  54  5:34  Probe  
  52  5:41  Immortal (Chrono Boost)  
  53  5:57  Probe  
  53  5:58  Adept  
  56  6:05  Pylon  
  56  6:09  Shield Battery  
  56  6:23  Pylon  
  54  6:33  Pylon  
  54  6:39  Immortal (Chrono Boost)  
  52  6:45  Zealot  
  44  7:11  Immortal  
  48  7:18  Gateway x2  
  48  7:25  Sentry  
  48  7:29  Robotics Bay  
  50  7:50  Immortal  
  54  8:27  Colossus (Chrono Boost)  
  60  8:48  Sentry  
  60  8:49  Stalker x2  
  66  9:01  Nexus  
  65  9:24  Adept x2  
  51  10:16  Pylon  
  51  10:20  Adept x2  
  53  10:25  Adept  
  55  10:41  Probe  
  56  10:43  Disruptor (Chrono Boost)  
  56  10:49  Probe  
  61  10:53  Probe  
  62  11:01  Probe  
  63  11:05  Probe  
  63  11:10  Sentry  
  63  11:11  Sentry x2  
  70  11:17  Probe  
  65  11:34  Adept x3  
  65  11:35  Probe  
  64  11:46  Probe  
  41  11:56  Adept x3  
Show
View Real Time Build Order
Export as new Build Order

Krystianer Protoss - Winner!

Build Orders:  

Get SALT Encoding   

  12  0:00  Probe  
  13  0:12  Probe  
  14  0:17  Pylon  
  14  0:24  Probe (Chrono Boost)  
  15  0:37  Gateway, Probe (Chrono Boost)  
  16  0:43  Probe (Chrono Boost)  
  16  0:45  Assimilator  
  17  0:51  Probe  
  17  0:53  Assimilator  
  18  1:03  Probe (Chrono Boost)  
  19  1:06  Gateway  
  19  1:12  Probe (Chrono Boost)  
  19  1:17  Probe (Chrono Boost)  
  20  1:24  Cybernetics Core  
  21  1:29  Probe  
  21  1:32  Pylon  
  22  1:41  Probe  
  23  1:53  Probe  
  24  1:58  Warp Gate (Chrono Boost)  
  24  2:01  Adept x2  
  28  2:05  Probe  
  28  2:07  Shield Battery  
  29  2:12  Pylon  
  29  2:18  Probe  
  30  2:31  Adept x2  
  34  2:53  Shield Battery  
  34  2:55  Robotics Facility  
  34  3:02  Adept x2  
  35  3:14  Pylon  
  32  3:28  Probe  
  32  3:30  Pylon  
  33  3:35  Shield Battery  
  33  3:38  Warp Prism (Chrono Boost)  
  33  3:40  Sentry x2  
  37  3:45  Pylon  
  37  3:48  Probe  
  40  4:04  Immortal (Chrono Boost), Probe  
  40  4:07  Sentry  
  47  4:13  Sentry  
  49  4:20  Probe, Pylon  
  50  4:37  Immortal  
  53  4:49  Adept x2  
  51  5:11  Nexus  
  51  5:17  Sentry x2  
  51  5:19  Probe  
  56  5:31  Probe  
  57  5:40  Stalker x2  
  61  5:43  Probe  
  57  6:03  Immortal (Chrono Boost)  
  59  6:13  Probe  
  60  6:20  Zealot  
  62  6:25  Probe  
  62  6:31  Probe  
  59  6:39  Probe  
  59  6:46  Immortal (Chrono Boost)  
  61  7:01  Zealot x2  
  59  7:05  Probe  
  58  7:11  Probe  
  57  7:16  Immortal (Chrono Boost)  
  57  7:19  Probe  
  62  7:29  Probe  
  62  7:30  Sentry x2  
  62  7:32  Probe  
  62  7:35  Phoenix  
  67  7:43  Pylon  
  67  7:48  Immortal (Chrono Boost)  
  71  7:52  Probe  
  71  7:55  Probe  
  73  8:02  Shield Battery  
  73  8:09  Adept x2  
  77  8:15  Probe  
  77  8:18  Probe  
  72  8:27  Probe  
  72  8:30  Probe  
  74  8:35  Stargate  
  74  8:39  Probe  
  73  8:42  Probe  
  73  8:45  Assimilator  
  73  8:46  Pylon  
  74  8:52  Probe  
  75  8:56  Immortal  
  79  9:10  Probe  
  79  9:13  Probe  
  81  9:22  Zealot x2  
  85  9:27  Probe  
  86  9:32  Immortal (Chrono Boost)  
  85  9:48  Stargate  
  85  9:55  Stalker x2  
  85  9:57  Probe  
  88  10:03  Probe  
  85  10:09  Probe  
  82  10:15  Probe  
  82  10:16  Immortal (Chrono Boost)  
  84  10:21  Probe  
  84  10:27  Assimilator, Probe  
  85  10:32  Stalker x2  
  85  10:45  Immortal (Chrono Boost)  
  89  10:50  Phoenix (Chrono Boost)  
  89  10:55  Pylon  
  91  10:57  Pylon  
  91  11:02  Adept x2  
  93  11:13  Phoenix  
  95  11:19  Pylon  
  95  11:20  Pylon  
  69  11:58  Adept x2  
Tags
 
Add a new tag
Caveats
  • Supply blocks, unpowered buildings, or Contaminate may cause inaccurate times.
  • Supply counts are checked every 10 seconds.